 Dungeon Crawl Stone Soup version 0.32-a0-995-gb4a59205af (webtiles) character file.

Game seed: 15505171068846249132

161 protoss039 the Digger (level 5, 38/38 HPs)
             Began as a Demonspawn Earth Elementalist on Apr 22, 2024.
             Got out of the dungeon alive.
             The game lasted 00:03:19 (2813 turns).

protoss039 the Digger (DsEE)                        Turns: 2813, Time: 00:03:20

Health: 38/38      AC:  6    Str:  8    XL:     5   Next: 19%
Magic:  9/9        EV: 11    Int: 17    God:
Gold:   96         SH:  0    Dex: 14    Spells: 3/10 levels left

rFire   . . .        h - +0 flail (protect)
rCold   . . .        (no shield)
rNeg    . . .        p - +1 leather armour {rPois}
rPois   +            (no helmet)
rElec   .            (no cloak)
rCorr   .            (no gloves)
SInv    .            (no boots)
Will    +....        (no amulet)
Stlth   ++           g - ring of willpower
HPRegen 0.26/turn    j - ring of wizardry
MPRegen 0.11/turn

%: wizardry (x1)
@: no status effects
A: ignite blood 1, sharp scales 2
a: no special abilities


You escaped.
You visited 1 branch of the dungeon, and saw 3 of its levels.

You collected 96 gold pieces.

Inventory:

Hand Weapons
 f - a +0 short sword
 h - a +0 flail of protection (weapon)
Armour
 p - a +1 leather armour of poison resistance (worn)
Jewellery
 g - a ring of willpower (left hand)
 i - a ring of see invisible
 j - a ring of wizardry (right hand)
Scrolls
 a - a scroll of immolation {unknown}
 c - a scroll of teleportation {unknown}
 d - 2 scrolls of identify {unknown}
 e - a scroll of summoning {unknown}
 k - a scroll of vulnerability {unknown}
 l - a scroll of noise {unknown}
 m - a scroll of fear {unknown}
 o - a scroll of enchant armour {unknown}
 q - a scroll of amnesia {unknown}
 s - a scroll of poison {unknown}
Potions
 b - a potion of magic
 n - a potion of attraction {unknown}
 r - a potion of curing {unknown}


   Skills:
 + Level 2.2 Fighting
 * Level 2.4 Dodging
 - Level 1.7 Stealth
 + Level 3.0 Spellcasting
 * Level 2.1 Conjurations
 + Level 3.4 Earth Magic


You had 3 spell levels left.
You knew the following spells:

 Your Spells              Type           Power      Damage    Failure   Level
a - Sandblast             Erth           28%        2d8       2%          1
b - Passwall              Erth           14%        N/A       8%          3
c - Stone Arrow           Conj/Erth      24%        3d8       10%         3

Your spell library contained the following spells:

 Spells                   Type           Power      Damage    Failure   Level
 Static Discharge         Conj/Air       12%        3-4/arc   11%         2
 Tukima's Dance           Hex            2%         N/A       28%         3
 Brom's Barrelling Bould  Conj/Erth      12%        2d4       32%         4
 Petrify                  Alch/Erth      8%         N/A       43%         4
 Airstrike                Air            1%         2d(1-17)  65%         4
 Passage of Golubria      Tloc           2%         N/A       65%         4
 Summon Lightning Spire   Summ/Air       2%         N/A       65%         4
 Yara's Violent Unravell  Hex/Alch       1%         3d3       93%         5


Dungeon Overview and Level Annotations

Branches:
Dungeon (3/15) Zot: 15136

Altars:

Shops:
D:2 (   D:3 *

Annotations:
D:3 Natasha


Innate Abilities, Weirdness & Mutations

Your demonic aura sometimes causes spilled blood to erupt in flames.
You are mostly covered in razor-sharp scales. (AC +2, Slay +2)


Message History

There are monsters nearby!
There are monsters nearby!
The orc shouts!
The frilled lizard hisses angrily.
There are monsters nearby!
You thump the frilled lizard!
Your weapon exudes an aura of protection.
You kill the frilled lizard!
An orc is nearby!
The orc closely misses you.
You see here a frilled lizard corpse.
An orc is nearby!
You closely miss the orc. The orc hits you but does no damage.
The orc closely misses you.
An orc is nearby!
You barely miss the orc. The orc hits you but does no damage.
An orc is nearby!
You hit the orc.
Your weapon exudes an aura of protection.
The orc is almost dead.
The orc hits you but does no damage. The orc barely misses you.
An orc is nearby!
Casting: Sandblast (safe; 2% risk of failure)
Confirm with . or Enter, or press ? or * to list all spells.
Aiming: Sandblast (safe; 2% risk of failure)
Press: ? - help, Shift-Dir - straight line, f - orc
Aim: an orc, wielding a +0 dagger (almost dead, 82% to hit)
The blast of sand hits the orc!
You kill the orc!
Your Spellcasting skill increases to level 3!
Unknown command.
Natasha, Servant of Life and Death comes into view.
Natasha moves out of view.
There is an escape hatch in the ceiling here.
A mysterious force pulls you upwards. The hatch slams shut behind you.
You see here a frilled lizard skeleton.
There is a stone staircase leading up here.
You climb upwards.
There is a stone staircase leading down here.
There is a staircase leading out of the dungeon here.
You have escaped!

#######...######>....#
#.#
##...........###...#####
#.##
.###...................#
#...
.P#P####..##.........###
####
P.#.P#....#ß.........ß#
~..#.###..#...ß...ß...#
~.##.###.##ß.........ß#
.P#P.P.#.###.........##
.####....# ####ß@ß####
## ####.### ##### #
#.#.## ###....######
######.#.........# ##
............####.# ##.
######.....## #.# ##.. #
#.....# #.# #... #
##...## #.# ##..


There were no monsters in sight!

Vanquished Creatures
  Terence (D:2)
  Natasha (twice) (D:3)
  A gnoll (D:2)
  2 adders (D:2)
  A white imp (D:2)
  3 dart slugs
  A ribbon worm (D:2)
  4 orcs (D:3)
  3 ball pythons
  3 bats
  8 endoplasms
  3 giant cockroaches
  6 goblins
  3 hobgoblins
  2 kobolds (D:2)
  2 quokkas
  7 frilled lizards
  2 rats
54 creatures vanquished.

Notes
Turn   | Place    | Note
-------+----------+-------------------------------------------
     0 | D:1      | protoss039 the Demonspawn Earth Elementalist began the
                  | quest for the Orb.
     0 | D:1      | Reached XP level 1. HP: 13/13 MP: 3/3
   298 | D:1      | Gained mutation: You are partially covered in razor-sharp
                  | scales. (AC +1, Slay +1) [demonic ancestry]
   298 | D:1      | Reached XP level 2. HP: 20/20 MP: 3/5
   477 | D:1      | Reached skill level 1 in Fighting
   771 | D:1      | Found a faded altar of an unknown god.
  1182 | D:2      | Found Acugocie's Antique Weapon Shoppe.
  1188 | D:2      | Gained mutation: You are mostly covered in razor-sharp
                  | scales. (AC +2, Slay +2) [demonic ancestry]
  1188 | D:2      | Reached XP level 3. HP: 26/26 MP: 4/6
  1581 | D:2      | Learned a level 3 spell: Passwall
  1585 | D:2      | Learned a level 3 spell: Stone Arrow
  1783 | D:2      | Reached XP level 4. HP: 33/33 MP: 8/8
  1971 | D:3      | Found Seimi's Assorted Antiques.
  1977 | D:3      | Noticed Natasha
  1985 | D:3      | Noticed Terence
  2137 | D:2      | Killed Terence
  2409 | D:3      | Killed Natasha
  2623 | D:3      | Noticed Natasha
  2635 | D:3      | Killed Natasha
  2636 | D:3      | Gained mutation: Your demonic aura sometimes causes spilled
                  | blood to erupt in flames. [demonic ancestry]
  2636 | D:3      | Reached XP level 5. HP: 36/38 MP: 7/9
  2726 | D:3      | Noticed Natasha
  2813 | D:$      | Got out of the dungeon alive.

Illustrated notes

Levels and vault maps discovered:
D:1:      mrwooster_arrival_statue_2, layout_loops_corners,
          dreamdust_ecumenical_altar_hidden_monk_grotto
D:2:      wad_crossroads, layout_basic, serial_shops,
          nicolae_shop_tiny_waterfront, minmay_tromino_v2
D:3:      layout_rooms, serial_shops, nicolae_shop_statue_plus, uniq_terence,
          uniq_natasha, uniq_jessica

Skill      XL: |  1  2  3  4  5 |
---------------+----------------+-----
Fighting       | 1 2 |  2.2
Earth Magic    | 3 |  3.4
Dodging        | 2 |  2.4
Conjurations   | 2 |  2.1
Spellcasting   | 3 |  3.0
Stealth        | |  1.7

Action                     |  1- 3 |  4- 6 || total
---------------------------+-------+-------++-------
  Melee: Unarmed           |    24 |       ||    24
         Short sword       |     8 |       ||     8
         Flail             |    25 |    48 ||    73
   Cast: Sandblast         |    33 |     5 ||    38
         Stone Arrow       |       |     2 ||     2
   Stab: Sleeping          |     4 |     3 ||     7
 Armour: Robe              |    48 |    28 ||    76
         Leather armour    |       |    14 ||    14
  Dodge: Dodged            |    39 |    39 ||    78

Table legend: (Time is in decaauts)
 A = Elapsed time spent in this place.
 B = Non-inter-level travel time spent in this place.
 C = Inter-level travel time spent in this place.
 D = Time resting spent in this place.
 E = Time spent auto-exploring this place.
 F = Levels seen in this place.
 G = Mean time per level.
                   A        B        C        D        E       F      G
               +--------+--------+--------+--------+--------+-----+--------+
         Total |   2863 |   2693 |    170 |    401 |   1824 |   3 |  954.3 |
       Dungeon |   2863 |   2693 |    170 |    401 |   1824 |   3 |  954.3 |
               +--------+--------+--------+--------+--------+-----+--------+

Top non-repeatable levels by time:
     D:2: 1408 daAuts
     D:1: 1076 daAuts
     D:3: 379 daAuts
